 Dungeon Crawl Stone Soup version 0.31-a0-220-gc2f4f3cf83 (webtiles) character file.

Game seed: 7325713839564948579

1530 qw the Chopper (level 8, -12/49 HPs)
             Began as a Gargoyle Fighter on July 3, 2023.
             Was an Initiate of Okawaru.
             Mangled by an ogre
             ... wielding a +0 giant club
              (14 damage)
             ... on level 5 of the Dungeon.
             The game lasted 00:02:30 (4137 turns).

qw the Chopper (Gargoyle Fighter)                   Turns: 4137, Time: 00:02:31

Health: -12/49     AC: 19    Str: 25 (28) XL:     8   Next: 85%
Magic:  8/8        EV:  7    Int:  6 (9)  God:    Okawaru [......]
Gold:   195        SH:  9    Dex:  7 (9)  Spells: 7/7 levels left

rFire   . . .        Y - +0 war axe (heavy)
rCold   . . .        i - +0 kite shield
rNeg    + . .        m - +0 chain mail
rPois   inf          (no helmet)
rElec   +            (no cloak)
rCorr   .            e - +2 pair of gloves
SInv    .            c - +0 pair of boots
Will    .....        n - amulet of faith Stlth
                     a - +6 ring of strength
HPRegen 0.28/turn    (no ring)
MPRegen 0.11/turn

%: faith
@: no status effects
A: sickness immunity, AC +5, negative energy resistance 1, electricity
resistance, torment resistance 1, petrification resistance
a: Renounce Religion


You were on level 5 of the Dungeon.
You worshipped Okawaru.
Okawaru was noncommittal.
You visited 2 branches of the dungeon, and saw 6 of its levels.

You collected 258 gold pieces.
You spent 63 gold pieces at shops.


Innate Abilities, Weirdness & Mutations

You are immune to sickness and miasma.
Your stone body is resilient. (AC +5)
You are immune to poison.
You resist negative energy. (rN+)
You are resistant to electric shocks. (rElec)
You are resistant to unholy torment.
You are immune to petrification.


   Skills:
 - Level 5.2 Fighting
 + Level 7.5 Axes
 - Level 1.0 Throwing
 - Level 3.2 Armour
 - Level 1.2 Dodging
 - Level 7.1 Shields


You had 7 spell levels left.
You didn't know any spells.
Your spell library was empty.

Inventory:

Hand Weapons
 j - a +1 flail of protection
 Y - a +0 heavy war axe (weapon)
Missiles
 b - a boomerang (quivered)
Armour
 c - a +0 pair of boots (worn)
 e - a +2 pair of gloves (worn)
 i - a +0 kite shield (worn)
 m - a +0 chain mail (worn)
Jewellery
 a - a +6 ring of strength (left hand)
 n - an amulet of faith (around neck)
Scrolls
 k - 5 scrolls of identify
Potions
 d - a potion of might
 g - a potion of curing
 h - a potion of attraction
 l - a potion of magic

Dungeon Overview and Level Annotations

Branches:
Dungeon (5/15)             Temple (1/1) D:5

Altars:
Dithmenos
Fedhas
Gozag
Hepliaklqana
Kikubaaqudgha
Okawaru
Qazlal
Ru
Sif Muna
Trog
Uskayaw
Vehumet
Wu Jian
Xom
The Shining One

Shops:
D:3 *


Message History

Enter note: You hit the orc.
The orc is heavily wounded.
You closely miss the orc. The orc hits you but does no damage.
You barely miss the orc.
The orc is moderately wounded.
You closely miss the orc. You hit the orc. You closely miss the orc.
You closely miss the ogre. The ogre hits you with a +0 giant club.
The orc closely misses you.
You block the orc's attack. x2; The orc hits you but does no damage.
The orc hits you with a +0 hand axe. The ogre hits you with a +0 giant club.
You barely miss the orc.
The orc is severely wounded.
You barely miss the orc. You completely miss the ogre. You slash the orc!
You kill the orc!
Okawaru accepts your kill.
You closely miss the orc. The orc hits you but does no damage.
You block the orc's attack. The orc barely misses you.
The ogre hits you with a +0 giant club!
The orc priest hits you but does no damage.
The orc hits you but does no damage. The orc closely misses you.
The orc hits you with a +0 flail.
You slice the orc!!
You kill the orc!
Okawaru accepts your kill.
You hit the orc priest. You hit the orc but do no damage.
You completely miss the orc. You closely miss the ogre.
The orc hits you but does no damage. x2; The orc priest barely misses you.
The ogre hits you with a +0 giant club!!
The orc completely misses you. The orc hits you with a +0 hand axe.
The orc priest invokes the aid of Beogh against you.
You struggle to resist.
You slash the orc priest!
You kill the orc priest!
Okawaru accepts your kill.
You barely miss the orc. You hit the orc. You barely miss the ogre.
The orc hits you but does no damage. You block the orc's attack.
The ogre hits you with a +0 giant club!
You die...

######
......###########################
......#.....#...........#........
......#.....#...........+........
......#.....#......?....#........
......#.....#......$....#........
......#.....#..))o......#.....)..
......##'#####.o@O......#.....<..
......#......#.....[....#........
......#......#...###..###+###.###
....0.#......#...# .# #..##.###
....0.#......#...# ........#
...00.#......#...# ........#
......#......'...# ........'
..0...#......#...# ........#
......#.....>########+##...####.#


You could see an ogre and 2 orcs.

Vanquished Creatures
  Grinder (D:5)
  Eustachio (D:5)
  Edmund (D:5)
  2 water moccasins (D:5)
  Duvessa (D:5)
  A black bear (D:5)
  An ogre (D:4)
  2 scorpions
  Dowan (D:5)
  An orc priest (D:5)
  6 hounds
  Ijyb (D:5)
  2 iguanas (D:5)
  An orc wizard (D:5)
  4 gnolls (D:4)
  7 adders
  A white imp (D:5)
  2 ufetubi
  2 worms
  3 dart slugs
  10 orcs
  7 bats
  7 endoplasms
  7 goblins
  9 hobgoblins
  7 kobolds
  5 quokkas
  8 ball pythons
  4 frilled lizards
  5 rats
110 creatures vanquished.

Notes
Turn   | Place    | Note
-------+----------+-------------------------------------------
     0 | D:1      | qw the Gargoyle Fighter began the quest for the Orb.
     0 | D:1      | Reached XP level 1. HP: 14/14 MP: 1/1
     0 | D:1      | 0 ||| qw: Version: 0.3-a-40-ge99b1a8
     0 | D:1      | 0 ||| qw: Game counter: 466
     0 | D:1      | 0 ||| qw: Melee chars always use a shield: true
     0 | D:1      | 0 ||| qw: God list: Okawaru
     0 | D:1      | 0 ||| qw: Allow faded altars: false
     0 | D:1      | 0 ||| qw: Do Orc after clearing Dungeon:15 true
     0 | D:1      | 0 ||| qw: Do second Lair branch before Depths: true
     0 | D:1      | 0 ||| qw: Lair rune preference: random
     0 | D:1      | 0 ||| qw: Goals: Normal, Zot:1-4, Slime:5, God:TSO, Crypt,
                  | Tomb, Abyss, Pan, Hells, Win
     0 | D:1      | 0 ||| PLANNING D:1-11
   122 | D:1      | 122 ||| DROPPING +0 club.
   162 | D:1      | 162 ||| Stepping ~*~*~tactically~*~*~ (hiding).
   175 | D:1      | Reached XP level 2. HP: 14/19 MP: 2/2
   346 | D:1      | Found a faded altar of an unknown god.
   456 | D:1      | Reached skill level 3 in Axes
   505 | D:1      | Reached XP level 3. HP: 23/23 MP: 3/3
   885 | D:1      | 885 ||| UPGRADING to +2 pair of gloves.
   890 | D:1      | 890 ||| READING scroll labelled YRCHOC XOTSE.
   924 | D:2      | 924 ||| Stepping ~*~*~tactically~*~*~ (hiding).
   939 | D:2      | 939 ||| Stepping ~*~*~tactically~*~*~ (stealth).
   941 | D:2      | 941 ||| Stepping ~*~*~tactically~*~*~ (stealth).
   944 | D:2      | 944 ||| Stepping ~*~*~tactically~*~*~ (stealth).
  1004 | D:2      | 1004 ||| Stepping ~*~*~tactically~*~*~ (stealth).
  1073 | D:2      | Reached XP level 4. HP: 28/28 MP: 4/4
  1153 | D:2      | 1153 ||| FLEEEEING.
  1154 | D:2      | 1154 ||| FLEEEEING.
  1155 | D:2      | 1155 ||| FLEEEEING.
  1476 | D:2      | 1476 ||| UPGRADING to +0 chain mail.
  1486 | D:2      | 1486 ||| DROPPING +0 scale mail.
  1487 | D:2      | 1487 ||| READING scroll labelled LAS ZA ZIG.
  1491 | D:2      | 1491 ||| READING scroll labelled SESEHUF TARCH.
  1492 | D:2      | 1492 ||| READING 2 scrolls labelled MEMNAI TETS.
  1827 | D:3      | Found Feabuhen's General Store.
  1831 | D:3      | 1831 ||| BUYING +0 kite shield (63 gold).
  1831 | D:3      | Bought a +0 kite shield for 63 gold pieces
  1831 | D:3      | 1831 ||| SHOPLISTING amulet of regeneration (420 gold, have
                  | 61).
  1831 | D:3      | 1831 ||| SHOPLISTING potion of heal wounds (70 gold, have
                  | 61).
  1945 | D:3      | 1945 ||| UPGRADING to +0 kite shield.
  1955 | D:3      | 1955 ||| DROPPING +0 buckler.
  1956 | D:3      | 1956 ||| UPGRADING to +6 ring of strength.
  1957 | D:3      | 1957 ||| READING scroll labelled CER KISHUTA.
  1958 | D:3      | 1958 ||| READING scroll labelled QAONON BIMITOI.
  1959 | D:3      | 1959 ||| DRINKING 2 sedimented sapphire potions.
  1960 | D:3      | 1960 ||| READING 4 scrolls of identify.
  1960 | D:3      | 1960 ||| IDENTIFYING sedimented grey potion
  1961 | D:3      | 1961 ||| READING 3 scrolls of identify.
  1961 | D:3      | 1961 ||| IDENTIFYING bubbling orange potion
  1962 | D:3      | 1962 ||| READING 2 scrolls of identify.
  1962 | D:3      | 1962 ||| IDENTIFYING fizzy coppery potion
  1963 | D:3      | 1963 ||| DROPPING potion of ambrosia.
  2184 | D:4      | Reached XP level 5. HP: 30/32 MP: 5/5
  2367 | D:4      | 2367 ||| Stepping ~*~*~tactically~*~*~ (stealth).
  2391 | D:4      | Noticed an ogre
  2393 | D:4      | 2393 ||| Stepping ~*~*~tactically~*~*~ (stealth).
  2403 | D:4      | Killed an ogre
  2405 | D:4      | Reached XP level 6. HP: 14/37 MP: 6/6
  2463 | D:4      | 2463 ||| Stepping ~*~*~tactically~*~*~ (stealth).
  2573 | D:4      | 2573 ||| UPGRADING to +0 pair of boots.
  2578 | D:4      | 2578 ||| READING 3 scrolls of identify.
  2578 | D:4      | 2578 ||| IDENTIFYING silvery potion
  2579 | D:4      | 2579 ||| DROPPING potion of brilliance.
  2619 | D:5      | Entered Level 5 of the Dungeon
  2699 | D:5      | Noticed Ijyb
  2705 | D:5      | Paralysed by Ijyb for 5 turns
  2713 | D:5      | Paralysed by Ijyb for 4 turns
  2729 | D:5      | Killed Ijyb
  2752 | D:5      | 2752 ||| Stepping ~*~*~tactically~*~*~ (stealth).
  2754 | D:5      | Noticed Edmund
  2771 | D:5      | Killed Edmund
  2772 | D:5      | Reached skill level 6 in Shields
  2772 | D:5      | Reached XP level 7. HP: 16/43 MP: 7/7
  2874 | D:5      | 2874 ||| DROPPING +0 whip.
  2893 | D:5      | Noticed Grinder
  2894 | D:5      | 2894 ||| Stepping ~*~*~tactically~*~*~ (hiding).
  2900 | D:5      | Paralysed by Grinder for 4 turns
  2908 | D:5      | Paralysed by Grinder for 3 turns
  2915 | D:5      | Paralysed by Grinder for 2 turns
  2919 | D:5      | Paralysed by Grinder for 2 turns
  2924 | D:5      | Killed Grinder
  2925 | D:5      | Reached skill level 6 in Axes
  3029 | D:5      | Reached skill level 1 in Dodging
  3120 | D:5      | Noticed Eustachio
  3125 | D:5      | Reached XP level 8. HP: 47/48 MP: 8/8
  3151 | D:5      | Killed Eustachio
  3225 | D:5      | Noticed Duvessa
  3225 | D:5      | Noticed Dowan
  3226 | D:5      | 3226 ||| Stepping ~*~*~tactically~*~*~ (hiding).
  3227 | D:5      | 3227 ||| Stepping ~*~*~tactically~*~*~ (hiding).
  3234 | D:5      | Killed Duvessa
  3238 | D:5      | 3238 ||| Stepping ~*~*~tactically~*~*~ (hiding).
  3240 | D:5      | 3240 ||| Stepping ~*~*~tactically~*~*~ (hiding).
  3258 | D:5      | Killed Dowan
  3397 | D:5      | 3397 ||| READING scroll labelled QOB CAGHAEN.
  3405 | D:5      | 3405 ||| STAIRDANCE
  3409 | D:5      | 3409 ||| STAIRDANCE
  3413 | D:5      | 3413 ||| STAIRDANCE
  3417 | D:5      | 3417 ||| STAIRDANCE
  3421 | D:5      | 3421 ||| STAIRDANCE
  3425 | D:5      | 3425 ||| STAIRDANCE
  3429 | D:5      | 3429 ||| STAIRDANCE
  3433 | D:5      | 3433 ||| STAIRDANCE
  3437 | D:5      | 3437 ||| STAIRDANCE
  3441 | D:5      | 3441 ||| STAIRDANCE
  3445 | D:5      | 3445 ||| STAIRDANCE
  3449 | D:5      | 3449 ||| STAIRDANCE
  3453 | D:5      | 3453 ||| STAIRDANCE
  3457 | D:5      | 3457 ||| STAIRDANCE
  3461 | D:5      | 3461 ||| STAIRDANCE
  3465 | D:5      | 3465 ||| STAIRDANCE
  3469 | D:5      | 3469 ||| STAIRDANCE
  3473 | D:5      | 3473 ||| STAIRDANCE
  3477 | D:5      | 3477 ||| STAIRDANCE
  3481 | D:5      | 3481 ||| STAIRDANCE
  3678 | D:4      | Reached skill level 1 in Throwing
  3817 | D:4      | 3817 ||| Stepping ~*~*~tactically~*~*~ (stealth).
  3857 | D:4      | 3857 ||| Stepping ~*~*~tactically~*~*~ (stealth).
  3902 | D:4      | 3902 ||| Stepping ~*~*~tactically~*~*~ (hiding).
  3904 | D:4      | 3904 ||| Stepping ~*~*~tactically~*~*~ (hiding).
  3944 | D:4      | 3944 ||| UPGRADING to amulet of faith.
  3949 | D:4      | 3949 ||| DRINKING 2 viscous golden potions.
  3950 | D:4      | 3950 ||| DROPPING potion of degeneration.
  4046 | D:5      | Found a staircase to the Ecumenical Temple.
  4047 | D:5      | 4047 ||| PLANNING TEMPLE
  4055 | Temple   | Entered the Ecumenical Temple
  4065 | Temple   | 4065 ||| PLANNING OKAWARU WORSHIP
  4070 | Temple   | Became a worshipper of Warmaster Okawaru
  4071 | Temple   | 4071 ||| PLANNING D:1-11
  4136 | D:5      | HP: 4/49 [ogre/+0 giant club (19)]
  4136 | D:5      | HP: 1/49 [orc/+0 hand axe (3)]
  4137 | D:5      | Mangled by an ogre

Levels and vault maps discovered:
D:1:      kilobyte_arrival_exit_the_forest, layout_basic,
          hellmonk_ecumenical_altar_crossroads, st_stairs_5,
          corexii_hall_statues_deadend, chequers_serial_rivers_micro_c,
          serial_park_tiny_pond
D:2:      layout_rooms, hangedman_abyss_or_decor_lesser_grid,
          minmay_curled_crystal, lemuel_flame_loot_1
D:3:      layout_rooms, serial_shops, nicolae_shop_back_alley_shop
D:4:      minmay_octagon_keep, layout_basic
D:5:      layout_gridville, lemuel_temple_firewalk_b, uniq_ijyb, uniq_eustachio,
          uniq_duvessa, uniq_edmund, uniq_grinder
Temple:   hellmonk_temple_two_chambers

Skill      XL: |  1  2  3  4  5  6  7  8 |
---------------+-------------------------+-----
Axes           | 2 3 4 5 6 7 |  7.5
Shields        | 4 5 6 7 |  7.1
Fighting       | 4 5 |  5.2
Dodging        | 1 |  1.2
Throwing       | 1 |  1.0
Armour         | |  3.2

Action                     |  1- 3 |  4- 6 |  7- 9 || total
---------------------------+-------+-------+-------++-------
  Melee: War axe           |   104 |   149 |   147 ||   400
  Throw: Boomerang         |       |    20 |    24 ||    44
    Use: Scroll            |     1 |     9 |     1 ||    11
         Potion            |       |     1 |     1 ||     2
 Armour: Scale mail        |    55 |    12 |       ||    67
         Chain mail        |       |    54 |   107 ||   161
  Dodge: Dodged            |    52 |    44 |    64 ||   160
  Block: Buckler           |    22 |    11 |       ||    33
         Kite shield       |       |    41 |    90 ||   131

Table legend:
 A = Non-vault XP
 B = Vault XP
 C = Vault XP percentage of total XP
 D = Non-vault monster count
 E = Vault monster count
 F = Vault count percentage of total count
                 A         B        C        D         E       F
            +---------+---------+-------+---------+---------+-------
      Total |    1211 |    1020 |  45.7 |      88 |      22 |  20.0
            +---------+---------+-------+---------+---------+-------
        D:1 |      44 |       5 |  10.2 |      23 |       3 |  11.5
        D:2 |      66 |       0 |   0.0 |      16 |       0 |   0.0
        D:3 |      19 |       0 |   0.0 |       9 |       0 |   0.0
        D:4 |     346 |     136 |  28.2 |      19 |      13 |  40.6
        D:5 |     736 |     879 |  54.4 |      21 |       6 |  22.2
            +---------+---------+-------+---------+---------+-------
